Map: Heavy Artillery LE

Players

Warpspeed

  • Race: Zerg Zerg
  • League: Platinum
  • Spawn Location: 1:00

zpt

  • Race: Zerg Zerg
  • League: Diamond
  • Spawn Location: 3:00

Massa - Winner!

  • Race: Terran Terran
  • League: Platinum
  • Spawn Location: 7:00

qqq - Winner!

  • Race: Zerg Zerg
  • League: Platinum
  • Spawn Location: 7:00

VOD

Have the link to the VOD?

Description

Time

  • Played on: Nov. 27, 2020, 4:35 p.m.
  • Length: 16:55
Show
View Real Time Build Order
Export as new Build Order

Warpspeed Zerg 

Build Orders: Hatch First 

Get SALT Encoding   

  12  0:00  Drone  
  13  0:12  Overlord  
  13  0:17  Drone  
  14  0:31  Drone x2  
  14  0:34  Drone  
  17  0:52  Hatchery  
  17  0:55  Drone  
  17  0:59  Extractor  
  17  1:00  Drone  
  17  1:15  Spawning Pool  
  17  1:18  Drone  
  17  1:22  Drone  
  18  1:28  Drone  
  19  1:34  Extractor  
  19  1:39  Drone  
  19  1:50  Overlord  
  19  2:03  Metabolic Boost  
  19  2:05  Queen  
  19  2:07  Drone  
  22  2:08  Drone  
  23  2:18  Baneling Nest  
  23  2:22  Drone  
  23  2:23  Drone  
  24  2:32  Queen  
  26  2:38  Zergling x2  
  26  2:40  Zergling x2  
  28  2:45  Drone  
  28  2:46  Drone  
  28  2:49  Drone  
  31  2:54  Drone  
  31  2:56  Drone  
  33  3:02  Drone  
  34  3:07  Lair  
  34  3:16  Drone x2  
  36  3:25  Baneling  
  36  3:26  Baneling x3  
  36  3:36  Overlord  
  36  3:54  Overlord  
  36  3:55  Drone  
  36  3:56  Drone x7  
  36  4:02  Extractor  
  43  4:03  Extractor  
  43  4:04  Drone x2  
  44  4:10  Spire  
  43  4:22  Spore Crawler  
  42  4:25  Drone x3, Spore Crawler  
  44  4:34  Spore Crawler  
  44  4:36  Spore Crawler  
  44  4:37  Drone x2  
  45  4:38  Drone x3  
  45  4:39  Drone  
  48  4:53  Overlord x2  
  48  5:23  Mutalisk x5  
  48  5:24  Mutalisk x2  
  60  5:35  Zerg Flyer Weapons Level 1  
  60  5:49  Hatchery  
  59  5:50  Extractor, Mutalisk x2, Spore Crawler  
  59  5:51  Extractor  
  59  5:57  Burrow  
  60  5:59  Drone x2  
  60  6:00  Spore Crawler  
  61  6:25  Mutalisk x3  
  55  6:41  Drone x3  
  55  6:42  Drone x4  
  55  6:43  Overlord  
  62  6:48  Drone  
  62  6:49  Drone x3  
  66  7:04  Drone x4  
  70  7:17  Mutalisk x3  
  74  7:23  Drone  
  74  7:26  Drone x5  
  74  7:27  Drone x2  
  82  7:45  Overlord  
  82  7:46  Overlord x2  
  82  7:48  Zerg Flyer Weapons Level 2  
  81  7:51  Drone  
  81  7:55  Overlord x2  
  81  7:56  Overlord x2  
  82  8:10  Spine Crawler  
  82  8:11  Spine Crawler  
  80  8:17  Extractor, Spine Crawler x2, Mutalisk  
  80  8:18  Mutalisk x5  
  62  8:20  Extractor  
  61  8:46  Mutalisk x5  
  71  8:57  Queen  
  71  8:58  Drone x4, Mutalisk x2  
  69  9:07  Zergling x2  
  69  9:08  Zergling x4  
  72  9:10  Overseer  
  72  9:11  Zergling x4  
  72  9:12  Zergling x2  
  73  9:29  Mutalisk x3  
  79  9:31  Infestation Pit  
  78  9:43  Mutalisk x2  
  78  9:56  Mutalisk x2  
  72  10:14  Drone x5, Mutalisk x2  
  74  10:15  Mutalisk  
  83  10:25  Pneumatized Carapace  
  83  10:35  Mutalisk x2  
  87  10:48  Mutalisk  
  87  10:49  Mutalisk  
  87  11:03  Mutalisk x3  
  93  11:14  Drone x3  
  93  11:15  Drone x3  
  97  11:28  Hatchery  
  96  11:35  Mutalisk  
  96  11:36  Mutalisk x4  
  92  11:58  Mutalisk x3  
  89  12:02  Zergling x2  
  89  12:03  Zergling x22  
  89  12:10  Zerg Flyer Armor Level 1  
  89  12:13  Centrifical Hooks  
  87  12:18  Spine Crawler  
  87  12:19  Spine Crawler, Zergling x8  
  61  12:57  Zergling x26  
  71  13:04  Drone  
  70  13:15  Extractor, Hatchery  
  70  13:18  Extractor, Hydralisk Den  
  66  13:20  Baneling  
  66  13:21  Baneling x19  
  66  13:29  Evolution Chamber x2  
  66  13:31  Queen  
  66  13:32  Overseer  
  66  13:33  Overseer x2  
  54  14:07  Lurker Den  
  53  14:12  Hydralisk  
  53  14:13  Hydralisk x17  
  89  14:17  Zerg Melee Weapons Level 1  
  89  14:22  Zerg Missile Weapons Level 1  
  89  14:26  Grooved Spines  
  89  14:29  Drone x5  
  93  15:00  Zergling x2  
  93  15:01  Zergling x22  
  105  15:12  Lurker  
  105  15:13  Lurker x5  
  111  15:17  Hatchery  
  111  15:18  Extractor x2  
  108  15:30  Lurker x2  
  110  15:38  Muscular Augments  
  110  15:47  Baneling x2  
  110  15:48  Baneling x9  
  110  15:49  Baneling  
  107  16:23  Hydralisk  
  107  16:24  Hydralisk x7  
Show
View Real Time Build Order
Export as new Build Order

zpt Zerg 

Build Orders: Hatch First, Lurkers 

Get SALT Encoding   

  12  0:00  Drone  
  13  0:08  Drone  
  14  0:21  Extractor x2, Drone  
  12  0:22  Drone  
  16  0:44  Hatchery  
  16  0:48  Extractor x2, Drone  
  16  0:52  Overlord  
  16  1:10  Drone x2  
  18  1:16  Spawning Pool  
  17  1:19  Drone  
  18  1:26  Drone  
  18  1:32  Drone  
  20  1:43  Drone  
  21  2:03  Queen, Zergling x4  
  21  2:04  Queen  
  27  2:13  Roach Warren  
  27  2:14  Drone  
  27  2:15  Drone  
  28  2:16  Extractor  
  27  2:25  Drone  
  27  2:26  Overlord  
  28  2:45  Drone x4  
  28  2:46  Queen x2  
  36  3:15  Extractor  
  35  3:33  Roach  
  36  3:35  Overlord x3  
  36  3:55  Roach x8  
  54  4:03  Roach x2  
  54  4:07  Roach  
  58  4:14  Roach  
  60  4:24  Overlord x2  
  60  4:36  Overlord x2  
  60  4:44  Roach x3  
  66  4:49  Roach  
  68  4:53  Drone  
  68  4:54  Drone x2  
  71  5:07  Roach x2  
  72  5:16  Roach x3  
  68  5:28  Roach  
  68  5:29  Roach x2  
  62  5:36  Drone x4  
  60  5:45  Spore Crawler  
  60  5:46  Spore Crawler  
  58  5:55  Spore Crawler x2  
  54  5:57  Drone x2  
  56  6:04  Drone x3  
  56  6:06  Drone  
  56  6:09  Drone  
  61  6:17  Lair  
  59  6:23  Drone x3  
  60  6:38  Drone x6  
  66  6:42  Extractor  
  66  6:44  Extractor  
  64  6:53  Metabolic Boost  
  64  6:59  Baneling Nest  
  64  7:00  Evolution Chamber  
  62  7:03  Evolution Chamber  
  62  7:04  Drone x7  
  68  7:21  Zergling x2  
  68  7:22  Zergling x8  
  73  7:27  Hatchery  
  72  7:31  Zerg Melee Weapons Level 1, Zerg Ground Armor Level 1  
  72  7:39  Infestation Pit  
  72  7:42  Zergling x10  
  76  7:46  Centrifical Hooks  
  76  7:51  Burrow  
  76  8:11  Baneling x2  
  76  8:12  Baneling x10  
  76  8:15  Zergling x2  
  76  8:16  Zergling x16  
  85  8:20  Ravager  
  85  8:27  Zergling x10  
  87  8:29  Baneling x3  
  91  8:39  Ravager  
  91  8:41  Spore Crawler x2  
  91  8:46  Zergling x2  
  91  8:47  Zergling x10  
  73  8:54  Baneling  
  73  8:55  Baneling x6  
  73  8:57  Zergling x4  
  66  9:22  Zergling x8  
  66  9:23  Zergling x18  
  67  9:45  Drone x3  
  64  10:10  Zergling x22  
  74  10:21  Hive  
  72  10:29  Drone x6  
  78  10:41  Spore Crawler  
  78  10:42  Spore Crawler x2  
  71  10:50  Tunneling Claws  
  71  10:58  Drone x9  
  77  11:42  Zerg Melee Weapons Level 2  
  77  11:43  Zerg Ground Armor Level 2  
  77  11:46  Extractor  
  77  11:47  Zergling x2, Hydralisk Den  
  75  11:48  Extractor, Zergling x30  
  75  11:49  Zergling x2  
  75  11:52  Baneling  
  75  11:53  Baneling x4  
  91  11:54  Baneling  
  91  11:56  Baneling x3  
  91  11:57  Baneling  
  91  11:58  Baneling  
  91  11:59  Baneling  
  91  12:00  Baneling  
  91  12:07  Overlord x2  
  62  12:36  Hydralisk  
  62  12:37  Hydralisk x7  
  56  12:39  Drone  
  69  12:57  Drone x7  
  68  13:07  Viper x2  
  74  13:16  Overseer x2  
  74  13:26  Lurker Den  
  73  13:34  Grooved Spines  
  73  13:44  Zergling x10  
  73  13:45  Zergling x8  
  82  13:51  Zergling x6  
  85  13:56  Zergling x6  
  88  14:06  Zergling x10  
  90  14:24  Lurker  
  90  14:25  Lurker x7  
  90  14:28  Drone  
  90  14:29  Drone x5  
  90  14:30  Drone  
  69  15:41  Hydralisk  
  69  15:42  Hydralisk x13  
  69  15:43  Hydralisk x2  
Show
View Real Time Build Order
Export as new Build Order

Massa Terran - Winner!

Build Orders: 2 Factory 

Get SALT Encoding   

  12  0:00  SCV  
  13  0:12  SCV  
  14  0:25  SCV, Supply Depot  
  15  0:36  Refinery  
  15  0:47  SCV  
  15  0:48  Barracks  
  16  0:59  SCV  
  17  1:11  SCV  
  18  1:23  SCV  
  19  1:35  SCV  
  19  1:38  Barracks Tech Lab  
  20  1:43  Command Center  
  20  1:48  Orbital Command  
  20  1:58  Marine  
  21  2:01  Supply Depot  
  21  2:09  Factory  
  22  2:15  SCV  
  22  2:27  Supply Depot  
  22  2:28  Marine  
  23  2:40  Factory  
  23  2:59  Orbital Command  
  23  3:01  SCV  
  24  3:07  Supply Depot  
  24  3:10  Supply Depot  
  24  3:13  Barracks Reactor, SCV, Hellion  
  24  3:18  Infernal Pre-Igniter  
  27  3:35  Hellion  
  27  3:37  SCV  
  30  3:58  SCV x2  
  32  4:07  Hellion x2  
  32  4:09  Barracks Tech Lab, Hellion  
  38  4:12  SCV  
  38  4:13  SCV  
  40  4:24  SCV  
  40  4:25  SCV  
  40  4:28  Hellion x2  
  40  4:30  Hellion, Supply Depot  
  48  4:35  Supply Depot  
  48  4:39  Supply Depot  
  48  4:41  Marine, Stimpack  
  49  4:49  Hellion  
  49  4:50  Hellion  
  49  4:51  Armory  
  53  4:53  SCV x2  
  53  4:54  Engineering Bay  
  53  4:55  Refinery  
  53  4:59  Marine  
  56  5:05  SCV x2  
  58  5:17  SCV x2  
  51  5:32  Hellion x3  
  55  5:53  Hellion x2  
  55  5:54  Widow Mine  
  61  5:59  Marine  
  62  6:06  Barracks x2  
  62  6:10  Terran Infantry Weapons Level 1  
  62  6:15  Widow Mine x3  
  62  6:17  Marine  
  65  6:36  Widow Mine x2  
  57  6:45  Combat Shield  
  57  6:49  Marine  
  57  6:52  Widow Mine  
  60  6:55  Barracks Tech Lab  
  60  6:57  Widow Mine  
  60  6:58  Widow Mine, Barracks Reactor  
  64  7:02  Refinery  
  64  7:04  Refinery  
  64  7:07  Marine  
  64  7:08  Command Center x2  
  65  7:09  Missile Turret  
  65  7:13  Widow Mine  
  63  7:24  Widow Mine x2  
  63  7:28  Barracks Reactor  
  67  7:34  Widow Mine  
  69  7:45  Widow Mine  
  71  7:51  Drilling Claws  
  71  7:54  Widow Mine  
  71  7:56  Widow Mine  
  71  7:57  Marauder, Marine x2  
  79  8:06  Widow Mine  
  81  8:14  Starport, Marine  
  81  8:15  Marine  
  81  8:18  Marauder  
  85  8:34  SCV x2  
  86  8:40  Marauder  
  89  8:46  SCV x2  
  69  8:58  SCV x2  
  69  9:10  SCV x2  
  63  9:19  Marauder, Marine  
  63  9:20  Marine x3  
  63  9:22  SCV  
  63  9:23  Widow Mine, SCV  
  66  9:26  SCV  
  66  9:27  SCV  
  68  9:37  Marine  
  68  9:38  Marine x3  
  72  9:39  Starport Reactor  
  72  9:40  Marauder  
  72  9:43  SCV x2  
  77  9:46  Planetary Fortress  
  77  9:49  Orbital Command  
  74  9:55  SCV x2, Marine  
  77  10:02  Widow Mine x3, Marauder  
  85  10:12  Marine x2  
  85  10:13  Marine x2  
  90  10:21  SCV x3  
  90  10:22  SCV  
  90  10:23  Widow Mine x3, Marauder  
  101  10:30  Marine x2  
  101  10:33  SCV x3  
  101  10:34  SCV  
  107  10:41  Refinery, Barracks  
  107  10:42  Refinery  
  107  10:43  Barracks  
  107  10:44  Marauder  
  107  10:45  SCV x2  
  107  10:46  SCV x2  
  107  10:57  SCV x2  
  107  10:59  Marine  
  107  11:00  Marine x3  
  107  11:04  Medivac  
  115  11:05  Marine  
  115  11:10  Supply Depot  
  116  11:11  Supply Depot  
  116  11:12  Supply Depot  
  116  11:15  Supply Depot  
  116  11:16  Supply Depot x2  
  116  11:21  Refinery  
  116  11:23  Supply Depot  
  116  11:27  Missile Turret  
  116  11:28  Missile Turret  
  116  11:30  Missile Turret  
  116  11:31  Marine x2, Medivac  
  116  11:32  Widow Mine x2  
  124  11:33  Marine x2, Medivac, Thor  
  124  11:39  Supply Depot  
  134  11:53  Widow Mine x2  
  138  12:01  Medivac  
  140  12:15  Thor  
  114  12:33  Marauder, Marine  
  114  12:34  Barracks Reactor, Barracks Tech Lab  
  114  12:35  Marine  
  114  12:36  Marine x2  
  120  12:38  Widow Mine x2  
  124  12:51  Marine  
  124  12:53  Marauder, Marine x3  
  124  12:54  Marauder  
  132  12:58  Thor  
  132  13:00  Widow Mine x2  
  132  13:04  Engineering Bay  
  142  13:07  Terran Vehicle Weapons Level 1  
  142  13:08  Terran Infantry Armor Level 1, Armory  
  142  13:09  Marine  
  142  13:11  Marine x5  
  148  13:14  Marauder  
  148  13:16  Marauder  
  148  13:19  Refinery  
  152  13:21  Widow Mine x2  
  152  13:26  Marine  
  156  13:28  Marine  
  156  13:29  SCV x4, Marine  
  163  13:36  Marauder  
  163  13:37  Marauder  
  163  13:38  Command Center  
  163  13:41  SCV x4, Thor  
  168  13:45  Command Center  
  173  13:53  SCV x3  
  174  13:57  Marauder, Terran Vehicle And Ship Armor Level 1  
  174  13:58  Marauder  
  174  13:59  Concussive Shells  
  174  14:01  Smart Servos  
  178  14:16  SCV x2  
  180  14:23  Supply Depot  
  180  14:24  Supply Depot  
  180  14:25  Supply Depot x2  
  180  14:26  Supply Depot  
  180  14:45  SCV x4  
  184  14:49  Supply Depot  
  184  14:51  Supply Depot x2  
  180  14:53  Supply Depot  
  180  14:57  Medivac  
  180  14:58  Medivac  
  184  15:00  Marauder  
  184  15:01  Marauder, Marine x3  
  184  15:02  Marine x2  
  184  15:03  Thor  
  198  15:22  Marauder  
  196  15:43  Marauder  
  197  15:59  Marauder  
  197  16:00  Marine  
  200  16:05  Planetary Fortress  
  200  16:06  Planetary Fortress  
  198  16:15  Missile Turret  
  194  16:18  Missile Turret  
  194  16:35  Missile Turret  
  194  16:39  Missile Turret  
Show
View Real Time Build Order
Export as new Build Order

qqq Zerg - Winner!

Build Orders: Hatch First, Brood Lord Corruptor 

Get SALT Encoding   

  12  0:01  Drone  
  13  0:13  Drone  
  14  0:26  Overlord  
  14  0:44  Hatchery  
  13  0:55  Drone x2  
  13  0:56  Drone  
  17  1:11  Drone  
  17  1:16  Spawning Pool  
  16  1:24  Drone  
  17  1:28  Extractor  
  16  1:35  Drone  
  16  1:39  Extractor, Drone  
  17  1:56  Drone  
  18  2:02  Drone  
  18  2:03  Drone  
  20  2:15  Spine Crawler, Queen  
  23  2:20  Drone  
  24  2:24  Lair  
  24  2:27  Drone  
  24  2:29  Drone  
  24  2:31  Drone  
  25  2:40  Drone x2  
  27  2:48  Drone  
  28  3:02  Overlord  
  28  3:07  Overlord  
  28  3:10  Overlord  
  28  3:26  Drone x3, Spire  
  30  3:27  Drone  
  30  3:28  Drone  
  30  3:31  Drone  
  33  3:37  Drone  
  34  3:43  Drone  
  35  3:48  Spine Crawler  
  34  4:14  Drone  
  34  4:15  Infestation Pit  
  34  4:16  Zergling x2, Overlord  
  35  4:18  Drone x3  
  35  4:22  Hatchery  
  37  4:27  Spine Crawler  
  36  4:38  Mutalisk x2  
  36  4:40  Drone x2  
  36  4:43  Extractor  
  36  4:44  Extractor  
  40  4:48  Mutalisk  
  44  4:57  Drone x2  
  44  5:00  Hive  
  44  5:01  Mutalisk  
  46  5:19  Drone x2, Mutalisk  
  49  5:43  Drone x3  
  49  5:44  Mutalisk x3  
  49  5:48  Drone  
  59  5:52  Drone  
  59  5:55  Zerg Flyer Weapons Level 1  
  60  6:00  Overlord  
  60  6:01  Drone x2  
  60  6:35  Viper  
  60  6:36  Mutalisk x2  
  60  6:38  Drone x6  
  73  6:41  Spore Crawler  
  73  6:42  Extractor  
  71  6:53  Drone x2  
  73  6:55  Hatchery, Overlord  
  73  7:00  Drone  
  73  7:10  Hatchery  
  72  7:22  Mutalisk x3, Viper  
  75  7:24  Drone  
  75  7:25  Hatchery, Drone  
  75  7:26  Overlord  
  82  7:32  Overlord  
  82  7:34  Overlord x3  
  82  7:44  Queen  
  82  7:50  Mutalisk x3  
  84  8:20  Mutalisk  
  84  8:21  Mutalisk x2  
  84  8:23  Drone x6  
  96  8:28  Greater Spire  
  96  8:29  Overlord  
  96  8:30  Overlord x6  
  96  8:31  Drone  
  97  8:34  Queen  
  97  8:36  Queen  
  101  8:51  Mutalisk x2  
  101  9:07  Mutalisk x2  
  101  9:09  Drone x4  
  110  9:10  Drone x6  
  109  9:39  Mutalisk x3  
  109  9:40  Mutalisk  
  111  9:54  Drone x3  
  110  10:11  Queen  
  105  10:23  Spine Crawler  
  105  10:24  Spine Crawler  
  105  10:26  Extractor  
  100  10:28  Spine Crawler  
  100  10:29  Spine Crawler  
  100  10:30  Viper x2  
  100  10:32  Mutalisk  
  100  10:33  Drone x3  
  100  10:34  Drone x7  
  100  10:35  Drone  
  117  10:37  Extractor  
  116  10:45  Drone x4  
  116  10:48  Zergling x10  
  125  10:55  Spore Crawler  
  124  10:59  Spine Crawler  
  123  11:05  Zerg Flyer Armor Level 1  
  123  11:07  Corruptor x2  
  123  11:09  Drone x2  
  123  11:10  Drone x8  
  137  11:17  Extractor  
  137  11:18  Extractor  
  135  11:20  Viper  
  135  11:21  Zergling x2  
  135  11:22  Drone x4  
  142  11:31  Spore Crawler  
  142  11:32  Spore Crawler  
  126  11:41  Drone x4  
  126  11:42  Drone x3  
  126  11:45  Mutalisk x3  
  133  12:03  Drone x8  
  133  12:04  Drone  
  133  12:05  Spore Crawler  
  133  12:07  Spore Crawler  
  140  12:21  Zergling x12  
  140  12:22  Drone x3  
  149  12:23  Drone x2  
  149  12:24  Extractor  
  149  12:26  Spine Crawler  
  149  12:27  Spine Crawler  
  149  12:28  Spine Crawler  
  147  12:32  Hatchery  
  137  12:59  Zerg Flyer Weapons Level 2  
  137  13:04  Spine Crawler  
  137  13:05  Spine Crawler  
  135  13:06  Extractor  
  135  13:12  Corruptor x4  
  136  13:13  Mutalisk x2  
  136  13:15  Drone, Viper  
  136  13:16  Drone x5  
  136  13:18  Brood Lord x2  
  159  13:20  Hatchery  
  158  13:32  Spine Crawler  
  157  13:36  Drone x2  
  159  13:43  Spore Crawler x2  
  159  13:44  Drone x2  
  159  13:45  Drone x4  
  159  13:46  Spore Crawler  
  162  14:07  Metabolic Boost  
  160  14:15  Brood Lord x2  
  160  14:16  Brood Lord x2, Corruptor  
  160  14:17  Corruptor x4  
  164  14:19  Drone x3, Zergling x2  
  164  14:20  Zergling x12  
  164  14:21  Zergling x4  
  186  14:31  Extractor  
  186  14:33  Spine Crawler  
  186  14:35  Spine Crawler  
  183  14:43  Corruptor x4  
  165  15:54  Drone x2  
  165  15:55  Drone x6  
  171  15:59  Overseer x3  
  171  16:00  Pneumatized Carapace  
Tags
 
Add a new tag
Caveats
  • Supply blocks, unpowered buildings, or Contaminate may cause inaccurate times.
  • Supply counts are checked every 10 seconds.